 Dungeon Sprint DCSS version 0.27.1-33-g824d729ab1 (webtiles) character file.

Game seed: 11070755356732311326

15312 manyhoops the Merfolkian Porcupine (level 12, -3/111 HPs)
             Began as a Merfolk Berserker on Nov 25, 2021.
             Was the Champion of Trog.
             Killed by divine providence
             ... invoked by a daeva
              (14 damage)
             ... in the Dungeon (Sprint I: "Red Sonja").
             The game lasted 00:14:49 (3541 turns).

manyhoops the Merfolkian Porcupine (MfBe)           Turns: 3541, Time: 00:14:49

Health: -3/111     AC: 25    Str: 17    XL:     12   Next: 25%
Magic:  12/12      EV: 14    Int:  6    God:    Trog [******]
Gold:   716        SH:  5    Dex: 20    Spells: 11/11 levels left

rFire    . . .     SeeInvis +   a - +11 bardiche "Zereid" {vorpal, rElec rN+ Str-5}
rCold    + . .     Faith    .   (shield currently unavailable)
rNeg     + . .     Spirit   .   i - +1 chain mail of Liberty {rC+ Stlth+}
rPois    .         Reflect  +   t - +1 helmet {SInv}
rElec    +         Harm     .   k - +0 cloak
rCorr    .         Rampage  .   u - +2 pair of gloves {archery}
Will     .....     NoTele   +   j - +0 pair of boots
Stlth    +.........             s - amulet of reflection
HPRegen  0.28/turn              o - +4 ring of protection
MPRegen  0.13/turn              z - +6 ring of dexterity

@: glowing
A: (nimble swimmer 2), mertail
a: Renounce Religion, Berserk, Trog's Hand, Brothers in Arms


You were in the Dungeon.
You worshipped Trog.
Trog was exalted by your worship.
You visited 1 branch You collected 4291 gold pieces.
You spent 3575 gold pieces at shops.

Inventory:

Hand Weapons
 a - the +11 bardiche "Zereid" (weapon) {vorpal, rElec rN+ Str-5}
   (Trog gifted it to you in the Dungeon)

   It inflicts extra damage upon your enemies.
   Str:       It affects your strength (-5).
   rElec:     It insulates you from electricity.
   rN:        It protects you from negative energy.
 b - a +3 scythe of freezing
 x - a +3 glaive of flaming
Missiles
 q - 8 curare-tipped darts (quivered)
Armour
 i - the +1 chain mail of Liberty (worn) {rC+ Stlth+}
   (You bought it in a shop in the Dungeon)

   rC:        It protects you from cold.
   Stlth:     It makes you more stealthy.
 j - a +0 pair of boots (worn)
 k - a +0 cloak (worn)
 t - a +1 helmet of see invisible (worn)
 u - a +2 pair of gloves of archery (worn)
 v - the +1 leather armour "Unapnagu" {Contam rElec rF+ Will+}
   (You bought it in a shop in the Dungeon)

   rF:        It protects you from fire.
   rElec:     It insulates you from electricity.
   Contam:    It causes magical contamination when unequipped.
   Will:      It increases your willpower.
Jewellery
 o - a +4 ring of protection (left hand)
 s - an amulet of reflection (around neck)
 y - a ring of protection from cold
 z - a +6 ring of dexterity (right hand)
 A - a ring of fire
Scrolls
 h - a scroll of blinking
 l - a scroll of identify
 p - a scroll of summoning {unknown}
 B - a scroll of fear {unknown}
Potions
 c - 5 potions of curing
 d - 4 potions of heal wounds
 e - 3 potions of haste
 f - 2 potions of magic
 g - a potion of berserk rage
 m - a potion of cancellation
 n - a potion of brilliance
 r - a potion of lignification
 w - a potion of might


   Skills:
 - Level 15.7 Fighting
 O Level 27 Polearms
 + Level 9.3 Armour
 - Level 12.3 Dodging
 - Level 5.6 Stealth


You had 11 spell levels left.
You didn't know any spells.
Your spell library was empty.

Dungeon Overview and Level Annotations

Branches:
Dungeon (1/1)

Altars:
Cheibriados
Dithmenos
Elyvilon
Fedhas
Gozag
Hepliaklqana
Kikubaaqudgha
Makhleb
Nemelex Xobeh
Okawaru
Qazlal
Ru
Sif Muna
Trog
Uskayaw
Vehumet
Wu Jian
Xom
Yredelemnul
Zin
The Shining One
Jiyva
Lugonu

Shops:
D (!([=(![([=:((=[=[:[(


Innate Abilities, Weirdness & Mutations

((You are quick and stealthy near water. (Stealth+, EV+, Speed+++)))
Your lower body shifts to a powerful aquatic tail in water.


Message History

Found a glowing kite shield.
There is an open door here.
The daeva calls down the wrath of the Shining One upon you.
The Shining One smites you!
You see here 27 gold pieces.
You now have 561 gold pieces (gained 27).
The daeva calls down the wrath of the Shining One upon you.
The Shining One smites you!
You see here 27 gold pieces.
You now have 588 gold pieces (gained 27).
You see here 27 gold pieces.
You now have 615 gold pieces (gained 27).
The daeva calls down the wrath of the Shining One upon you.
The Shining One smites you!
You see here 27 gold pieces.
You now have 642 gold pieces (gained 27).
You see here 27 gold pieces.
You now have 669 gold pieces (gained 27).
The daeva calls down the wrath of the Shining One upon you.
The Shining One smites you!
You see here 27 gold pieces.
You now have 696 gold pieces (gained 27).
You see here a +0 kite shield of positive energy.
The daeva calls down the wrath of the Shining One upon you.
The Shining One smites you!
You see here a scroll labelled MUINIA XARR.
B - a scroll labelled MUINIA XARR The daeva calls down the wrath of the Shining One upon you.
The Shining One smites you!
The daeva calls down the wrath of the Shining One upon you.
The Shining One smites you!
* * * LOW HITPOINT WARNING * * *
You see here 20 gold pieces.
You now have 716 gold pieces (gained 20).
The daeva calls down the wrath of the Shining One upon you.
The Shining One smites you!
* * * LOW HITPOINT WARNING * * *
The daeva calls down the wrath of the Shining One upon you.
The Shining One smites you!
You die...

###########################
#.:#.)§§§§§§...'..#§^+..§§#
##§#.####.§§§§##..'^^#..§§##
'§§#§#(###..§#######+#§§§§§#
#..§.#'#.###§#[..##.)#§§§§.#
#+####^..#y#.##.@.#..##..§.#
.○○°^#°..###§§###.#..≈###+##
^°°.○+°....##.#A#.#..≈
##^°.#^....#..###.#..≈.
.#^..###++##)##..$#..≈#
.#..###..###..#'###..≈#
.#..####..###...#
.##'#..#..#.###.#
.##.#.........#.#


You could see a daeva.

Vanquished Creatures
  A lorocyproca (D)
  A hydra (D)
  2 centaur warriors (D)
  Sonja (D)
  A deep troll (D)
  A lindwurm (D)
  An oklob plant (D)
  A shining eye (D)
  2 merfolk sirens (D)
  A gargoyle (D)
  7 unseen horrors (D)
  2 kobold demonologists (D)
  4 demonic crawlers (D)
  A hellwing (D)
  A hornet (D)
  A slime creature (D)
  Sigmund (D)
  2 redbacks (D)
  A yak (D)
  13 hogs (D)
  3 floating eyes (D)
  7 necrophages (D)
  An ogre (D)
  8 jellies (D)
  Ijyb (D)
65 creatures vanquished.

Vanquished Creatures (collateral kills)
  7 shining eyes (D)
  4 floating eyes (D)
11 creatures vanquished.

Vanquished Creatures (others)
  A gargoyle (D)
  2 hornets (D)
  2 ballistomycete spores (D)
5 creatures vanquished.

Grand Total: 81 creatures vanquished

Notes
Turn   | Place    | Note
-------+----------+-------------------------------------------
     0 | D        | manyhoops the Merfolk Berserker began the quest for the
                  | Orb.
     0 | D        | Reached XP level 1. HP: 18/18 MP: 1/1
     1 | D        | Noticed Ijyb
     8 | D        | Killed Ijyb
     9 | D        | Reached skill level 9 in Polearms
     9 | D        | Reached XP level 2. HP: 24/24 MP: 2/2
     9 | D        | Reached XP level 3. HP: 29/29 MP: 3/3
    52 | D        | Noticed an ogre
    61 | D        | Killed an ogre
    62 | D        | Reached skill level 13 in Polearms
    62 | D        | Reached XP level 4. HP: 35/35 MP: 4/4
   173 | D        | Noticed Sigmund
   183 | D        | Killed Sigmund
   183 | D        | Reached ** piety under Trog
   184 | D        | Reached XP level 5. HP: 49/49 MP: 5/5
   184 | D        | Reached XP level 6. HP: 56/56 MP: 6/6
   249 | D        | Found an ornate altar of the Wu Jian Council.
   249 | D        | Found a shimmering blue altar of Sif Muna.
   251 | D        | Found a radiant altar of Vehumet.
   257 | D        | Found Ymunac's Antique Armour Emporium.
   257 | D        | Found an ancient bone altar of Kikubaaqudgha.
   257 | D        | Found a hazy altar of Hepliaklqana.
   257 | D        | Found a stormy altar of Qazlal.
   257 | D        | Found a hide-covered altar of Uskayaw.
   257 | D        | Found a blossoming altar of Fedhas.
   257 | D        | Found a bloodstained altar of Trog.
   257 | D        | Found an iron altar of Okawaru.
   257 | D        | Found a basalt altar of Yredelemnul.
   257 | D        | Found a glowing golden altar of the Shining One.
   257 | D        | Found a snail-covered altar of Cheibriados.
   257 | D        | Found a sacrificial altar of Ru.
   257 | D        | Found a glowing silver altar of Zin.
   257 | D        | Found a shadowy altar of Dithmenos.
   257 | D        | Found a white marble altar of Elyvilon.
   257 | D        | Noticed a yak
   259 | D        | Killed a yak
   260 | D        | Reached skill level 16 in Polearms
   260 | D        | Reached XP level 7. HP: 62/62 MP: 7/7
   260 | D        | Found an opulent altar of Gozag.
   264 | D        | Found a sparkling altar of Nemelex Xobeh.
   311 | D        | Bought a pair of boots for 103 gold pieces
   333 | D        | Bought a cloak for 103 gold pieces
   361 | D        | Found a viscous altar of Jiyva.
   361 | D        | Found a corrupted altar of Lugonu.
   361 | D        | Noticed a slime creature
   362 | D        | Found a burning altar of Makhleb.
   362 | D        | Found a shimmering altar of Xom.
   366 | D        | Killed a slime creature
   366 | D        | Reached *** piety under Trog
   367 | D        | Reached skill level 17 in Polearms
   431 | D        | Noticed a kobold demonologist
   433 | D        | Noticed a kobold demonologist
   435 | D        | Killed a kobold demonologist
   436 | D        | Reached skill level 19 in Polearms
   436 | D        | Reached XP level 8. HP: 68/68 MP: 8/8
   436 | D        | Paralysed by a floating eye for 2 turns
   444 | D        | Killed a kobold demonologist
   444 | D        | Reached **** piety under Trog
   445 | D        | Reached skill level 20 in Polearms
   493 | D        | Noticed a centaur warrior
   494 | D        | Noticed a centaur warrior
   500 | D        | Killed a centaur warrior
   501 | D        | Reached skill level 22 in Polearms
   501 | D        | Reached XP level 9. HP: 30/74 MP: 9/9
   502 | D        | Killed a centaur warrior
   503 | D        | Reached skill level 24 in Polearms
   771 | D        | Noticed a deep troll
   776 | D        | Killed a deep troll
   834 | D        | Found Geexaen's Armour Emporium.
   847 | D        | Noticed Sonja
   857 | D        | Killed Sonja
   858 | D        | Reached skill level 10 in Fighting
   858 | D        | Reached XP level 10. HP: 86/86 MP: 10/10
  1027 | D        | Noticed an oklob plant
  1033 | D        | Killed an oklob plant
  1033 | D        | Reached ***** piety under Trog
  1145 | D        | Killed an unseen horror
  1146 | D        | Reached skill level 10 in Dodging
  1156 | D        | Killed an unseen horror
  1220 | D        | Paralysed by a floating eye for 3 turns
  1362 | D        | Received a gift from Trog
  1437 | D        | Reached ****** piety under Trog
  1443 | D        | Received a gift from Trog
  1446 | D        | Reached skill level 5 in Stealth
  1494 | D        | Found Xewusuq's Armour Shoppe.
  1494 | D        | Found Joujuxt's Distillery.
  1494 | D        | Found Iterim's Antique Weapon Boutique.
  1496 | D        | Found Tistruti's Antique Armour Emporium.
  1496 | D        | Found Tidoeq's Jewellery Shop.
  1496 | D        | Found Furief's Book Shoppe.
  1496 | D        | Found Xagag's Weapon Boutique.
  1496 | D        | Found Tishril's Weapon Emporium.
  1496 | D        | Found Umabax's Jewellery Shop.
  1496 | D        | Found Pydwitte's Armour Shoppe.
  1500 | D        | Found Heytedex's Jewellery Boutique.
  1501 | D        | Found Gasat's Book Emporium.
  1501 | D        | Found Ijost's Armour Boutique.
  1502 | D        | Found Faeghy's Weapon Emporium.
  1521 | D        | Bought a shimmering leather armour for 175 gold pieces
  1521 | D        | Identified the +1 leather armour "Unapnagu" {Contam rElec
                  | rF+ Will+} (You bought it in a shop in the Dungeon)
  1629 | D        | Bought the +1 chain mail of Liberty {rC+ Stlth+} for 289
                  | gold pieces
  1641 | D        | Bought a +4 ring of protection for 396 gold pieces
  1644 | D        | Bought a +2 pair of gloves of archery for 279 gold pieces
  1664 | D        | Bought a potion of curing for 33 gold pieces
  1664 | D        | Bought a potion of curing for 33 gold pieces
  1664 | D        | Bought a potion of might for 44 gold pieces
  1664 | D        | Bought a potion of haste for 110 gold pieces
  1664 | D        | Bought 2 potions of heal wounds for 110 gold pieces
  1730 | D        | Reached skill level 5 in Armour
  1738 | D        | Reached XP level 11. HP: 97/99 MP: 11/11
  1880 | D        | Noticed a lindwurm
  1886 | D        | Killed a lindwurm
  1886 | D        | Received a gift from Trog
  1994 | D        | Received a gift from Trog
  1995 | D        | Reached skill level 15 in Fighting
  2150 | D        | Noticed a 12-headed hydra
  2154 | D        | Killed a nine-headed hydra
  2154 | D        | Identified the +11 bardiche "Zereid" {vorpal, rElec rN+
                  | Str-5} (Trog gifted it to you in the Dungeon)
  2154 | D        | Received a gift from Trog
  2186 | D        | Noticed a daeva
  2209 | D        | Noticed a deep elf annihilator
  2277 | D        | Reached skill level 25 in Polearms
  2578 | D        | Noticed a lorocyproca
  2585 | D        | Killed a lorocyproca
  2585 | D        | Received a gift from Trog
  3102 | D        | Found Cepenuna's Antique Weapon Boutique.
  3115 | D        | Noticed a shining eye
  3115 | D        | Noticed a shining eye
  3115 | D        | Noticed a shining eye
  3115 | D        | Noticed a shining eye
  3115 | D        | Noticed a shining eye
  3115 | D        | Noticed a shining eye
  3118 | D        | Killed a shining eye
  3119 | D        | Reached skill level 26 in Polearms
  3121 | D        | Killed a shining eye
  3122 | D        | Killed a shining eye
  3123 | D        | Killed a shining eye
  3123 | D        | Killed a shining eye
  3123 | D        | Received a gift from Trog
  3124 | D        | Reached XP level 12. HP: 111/111 MP: 12/12
  3124 | D        | Paralysed by a floating eye for 2 turns
  3131 | D        | Reached skill level 27 in Polearms
  3224 | D        | Found Xid Ej Juso's Distillery.
  3224 | D        | Found Roluef's Antique Weapon Emporium.
  3225 | D        | Found Nuich's Jewellery Shop.
  3225 | D        | Found Follar's Weapon Boutique.
  3239 | D        | Bought a potion of haste for 100 gold pieces
  3246 | D        | Bought an amulet of reflection for 390 gold pieces
  3251 | D        | Bought a ring of protection from cold for 325 gold pieces
  3252 | D        | Bought a +6 ring of dexterity for 760 gold pieces
  3254 | D        | Bought a ring of fire for 325 gold pieces
  3319 | D        | Received a gift from Trog
  3541 | D        | Killed from afar by a daeva

Illustrated notes

Levels and vault maps discovered:
D:        dungeon_sprint_1 [red_sonja_temple_1, red_sonja_temple_small_1]

Skill      XL: |  1  2  3  4  5  6  7  8  9 10 11 12 |
---------------+-------------------------------------+-----
Polearms       | 9 13 16 19 22 24 26 27 | 27.0
Fighting       | 8 10 13 15 | 15.7
Dodging        | 7 9 11 12 | 12.3
Armour         | 3 5 7 9 |  9.3
Stealth        | 5 |  5.6

Action                   |  1- 3 |  4- 6 |  7- 9 | 10-12 || total
-------------------------+-------+-------+-------+-------++-------
Melee: Spear             |    15 |     9 |       |       ||    24
       Scythe            |       |     2 |    22 |    85 ||   109
       Tailslap          |       |       |     1 |       ||     1
       Halberd           |       |       |       |    53 ||    53
       Bardiche          |       |       |       |    30 ||    30
       Glaive            |       |       |       |     4 ||     4
Invok: Berserk           |     1 |     2 |     5 |     6 ||    14
       Brothers in Arms  |       |       |     1 |     4 ||     5
       Trog's Hand       |       |       |       |     1 ||     1
  Use: Scroll            |       |       |     1 |     1 ||     2
       Potion            |       |       |     1 |       ||     1
Armor: Leather armour    |       |       |     6 |       ||     6
       Troll leather arm |       |       |     2 |    12 ||    14
       Chain mail        |       |       |       |   107 ||   107
Dodge: Dodged            |     4 |     2 |    16 |    66 ||    88
Block: Other             |       |       |       |     3 ||     3
